 Dungeon Crawl Stone Soup version 0.28.0-53-g5a82cb258f (webtiles) character file.

Game seed: 5604678297111699879

37 Jerry the Shield-Bearer (level 3, -6/20 HPs)
             Began as a Vine Stalker Fighter on July 30, 2022.
             Mangled by Terence
             ... wielding a +0 morningstar
              (11 damage)
             ... on level 2 of the Dungeon.
             The game lasted 00:02:31 (1980 turns).

Jerry the Shield-Bearer (Vine Stalker Fighter)      Turns: 1980, Time: 00:02:32

Health: -6/20      AC:  6    Str: 18    XL:     3   Next: 39%
Magic:  0/4        EV:  9    Int: 14    God:
Gold:   26         SH:  5    Dex: 15    Spells: 2/2 levels left

rFire   . . .      SeeInvis .   a - +0 rapier
rCold   . . .      Faith    .   c - +0 buckler
rNeg    . . .      Spirit   +   b - +0 scale mail
rPois   .          Reflect  .   (no helmet)
rElec   .          Harm     .   (no cloak)
rCorr   .          Rampage  .   (no gloves)
Will    .....                   (no boots)
Stlth   ..........              (no amulet)
HPRegen 0.06/turn               e - +6 ring of intelligence
MPRegen 0.09/turn               (no ring)

@: mighty
A: fangs 2, magic shield, antimagic bite, no potion heal 2
a: no special abilities


You were on level 2 of the Dungeon.
You visited 1 branch of the dungeon, and saw 2 of its levels.

You collected 26 gold pieces.

Inventory:

Hand Weapons
 a - a +0 rapier (weapon)
Armour
 b - a +0 scale mail (worn)
 c - a +0 buckler (worn)
Jewellery
 e - a +6 ring of intelligence (left hand)
 k - a +6 ring of intelligence
Wands
 j - a wand of paralysis (8)
Scrolls
 g - a scroll of teleportation {unknown}
 h - a scroll of fear {unknown}
 i - a scroll of amnesia {unknown}
Potions
 f - a potion of invisibility {unknown}


   Skills:
 + Level 3.0 Fighting
 + Level 2.2 Short Blades
 + Level 2.7 Armour
 + Level 3.0 Shields


You had 2 spell levels left.
You didn't know any spells.
Your spell library was empty.

Dungeon Overview and Level Annotations

Branches:
Dungeon (2/15)

Altars:

Annotations:
D:2 Terence


Innate Abilities, Weirdness & Mutations

You have extremely sharp teeth.
When hurt, damage is shared between your health and your magic reserves.
Your bite disrupts and absorbs the magic of your enemies.
Potions cannot restore your health.


Message History

The rat is severely wounded.
The rat bites you.
You hit the rat.
You kill the rat!
No target in view!
No target in view!
Found a robe.
You see here a rat corpse.
No target in view!
No target in view!
You see here a rat corpse.
A worm comes into view.
Terence the Incautious comes into view.
He is wielding a +0 morningstar and carrying a wand of flame (24).
You hit the worm.
The worm is moderately wounded.
You block the worm's attack.
You barely miss the worm. You bite the worm. You drain its power.
The worm is heavily wounded.
You hit the worm. You bite the worm. You drain its power.
The worm is severely wounded.
Terence drinks a potion.
Terence goes berserk!
The worm bites you.
You hit the worm. You bite the worm, but do no damage.
The worm is severely wounded.
The worm bites you.
You hear a shout!
You are too injured to fight recklessly!
You are too injured to fight recklessly!
You hear a shout!
Terence rages.
Terence barely misses you. Terence hits you with a +0 morningstar!
Ouch! That really hurt!
* * * LOW HITPOINT WARNING * * *
You feel very mighty all of a sudden. Terence hits you but does no damage.
You puncture Terence!
Terence is moderately wounded.
Terence hits you with a +0 morningstar!
Ouch! That really hurt!
You die...

#.# ##..........# ...
#.......#### #.#
###.###### #.#
#....|# #.## #.#)#.#
#..## ####### #.#.#.#
##.w# #.....###.....#
##.# #.....##....#.#
#@# #....@@....###..
#.# #.....#....)#.##.
#.###.>...#†.....# #
#.......####...###
#..####.######.#
#..####.#.## #.#
#..[.##..#.###.######
#......†###..#......#
#......## ##.#.####.#


You could see Terence (berserk).

Vanquished Creatures
  A dart slug (D:1)
  4 endoplasms (D:1)
  A giant cockroach (D:1)
  5 goblins (D:1)
  3 hobgoblins
  3 kobolds
  2 quokkas (D:1)
  6 ball pythons
  4 bats
  2 rats
31 creatures vanquished.

Notes
Turn   | Place    | Note
-------+----------+-------------------------------------------
     0 | D:1      | Jerry the Vine Stalker Fighter began the quest for the Orb.
     0 | D:1      | Reached XP level 1. HP: 11/11 MP: 2/2
   511 | D:1      | Reached XP level 2. HP: 16/16 MP: 3/3
  1090 | D:1      | Reached XP level 3. HP: 12/19 MP: 4/4
  1959 | D:2      | Noticed Terence
  1980 | D:2      | Mangled by Terence

Illustrated notes

Levels and vault maps discovered:
D:1:      giann_wishing_wells, layout_basic, minmay_liquid_box,
          minmay_tree_intersection
D:2:      layout_loops_cross, ebering_ecumenical_altar_ruins,
          chequers_serial_rivers_micro_a, uniq_terence

Skill      XL: |  1  2  3 |
---------------+----------+-----
Short Blades   | 2 |  2.2
Shields        | 3 |  3.0
Fighting       | 3 |  3.0
Armour         | |  2.7

Action                   || total
-------------------------++-------
Melee: Rapier            ||    90
       Bite              ||    14
  Use: Potion            ||     1
Armor: Scale mail        ||    37
Dodge: Dodged            ||    39
Block: Buckler           ||    22
